 Dungeon Crawl Stone Soup version 0.21-a0-140-g479285b (webtiles) character file.

427 Gorglomux the Ruffian (level 6, -6/45 HPs)
             Began as a Hill Orc Fire Elementalist on July 19, 2017.
             Mangled by an ogre
             ... wielding a +0 giant club
              (19 damage)
             ... on level 4 of the Dungeon on July 20, 2017.
             The game lasted 00:14:05 (5038 turns).

Gorglomux the Ruffian (Hill Orc Fire Elementalist)  Turns: 5038, Time: 00:14:06

Health: -6/45      AC:  7    Str: 13    XL:     6   Next: 97%
Magic:  8/8        EV: 16    Int: 15    God:
Gold:   346        SH:  0    Dex: 16    Spells: 7/8 levels left

rFire    . . .     SeeInvis .     - Unarmed
rCold    . . .     Gourm    .   (no shield)
rNeg     . . .     Faith    .   C - +0 ring mail
rPois    .         Spirit   .   (no helmet)
rElec    .         Reflect  .   (no cloak)
rCorr    .         Harm     .   S - +0 pair of gloves (curse)
MR       +....                  K - +0 pair of boots
Stlth    ++........             (no amulet)
HPRegen  0.15/turn              m - ring of protection from magic
MPRegen  0.11/turn              (no ring)

@: agile, very slightly contaminated
A: no striking features
a: no special abilities


You were on level 4 of the Dungeon.
You were not hungry.

You visited 1 branch of the dungeon, and saw 4 of its levels.

You collected 346 gold pieces.

Inventory:

Armour
 j - a +0 shield
 C - a +0 ring mail (worn)
 K - a +0 pair of boots (worn)
 S - a cursed +0 pair of gloves (worn)
Jewellery
 m - a ring of protection from magic (left hand)
Wands
 D - a wand of digging (15/24)
 N - a wand of digging (7/24)
Scrolls
 d - 2 scrolls of remove curse
 g - a scroll of fear {unknown}
 k - a scroll of amnesia {unknown}
 v - a scroll of magic mapping {unknown}
 x - a scroll of blinking {unknown}
 E - 2 scrolls of identify {unknown}
 F - a scroll of enchant armour {unknown}
 O - a scroll of recharging {unknown}
 R - a scroll of immolation {unknown}
 T - a scroll of random uselessness {unknown}
Potions
 B - a potion of resistance {unknown}
 G - a potion of ambrosia {unknown}
 I - a potion of lignification {unknown}
 M - a potion of heal wounds
 Q - a potion of haste {unknown}
Books
 b - a book of Flames

   Spells                             Type                      Level
   a - Flame Tongue                   Conjuration/Fire             1
   b - Throw Flame                    Conjuration/Fire             2
   c - Conjure Flame                  Conjuration/Fire             3
   d - Inner Flame                    Hexes/Fire                   3
   e - Sticky Flame                   Conjuration/Fire             4
   f - Fireball                       Conjuration/Fire             5
 y - a book of Changes

   Spells                             Type                      Level
   a - Beastly Appendage              Transmutation                1
   b - Sticks to Snakes               Transmutation                2
   c - Spider Form                    Transmutation/Poison         3
   d - Ice Form                       Ice/Transmutation            4
   e - Blade Hands                    Transmutation                5
 H - a book of Maledictions

   Spells                             Type                      Level
   a - Corona                         Hexes                        1
   b - Ensorcelled Hibernation        Hexes/Ice                    2
   c - Confuse                        Hexes                        3
   d - Tukima's Dance                 Hexes                        3
   e - Dazzling Spray                 Conjuration/Hexes            3
Comestibles
 c - 3 bread rations
 t - a royal jelly
 u - 2 fruits
 z - a meat ration
 U - 5 chunks of flesh


   Skills:
 - Level 1.5 Dodging
 - Level 1.5 Stealth
 + Level 7.5 Unarmed Combat
 - Level 1.5 Spellcasting
 - Level 1.0 Conjurations
 - Level 3.2 Fire Magic


You had 7 spell levels left.
You knew the following spells:

 Your Spells              Type           Power        Failure   Level  Hunger
a - Flame Tongue          Conj/Fire      #....        22%         1    ##.....


Dungeon Overview and Level Annotations

Branches:
Dungeon (4/15)
 Temple: D:4-7

Altars:
Makhleb
Xom


Message History

The ogre hits you with a giant butt!!!
You beat the ogre into a bloody butt!!!
The ogre butts severely wounded!
The ogre hits you with a giant club!!! * * * don't die
* * *
Okay, then!
You squash the ogre like an ant!
The ogre is severely wounded!
You pummel the ogre like a punching butt!
The ogre is severely wounded!
The ogre closely misses you!
You pulverise the ogre!
The ogre is almost dead!
The ogre butt-ly misses you!
You beat the ogre but do no damage!
The ogre is almost dead!
You barely miss the ogre!
The ogre is almost butt!
The ogre hits you with a giant club!!!!!! rip

#........
#...../#
#.......
#....#.#.
###.).#....
#O..$.../#
#Z#.....#.
#O#a#..#...
#@#.. #...
#.#..# ...
##.#.#. ..
##..#....
...o.
#...#####
.o...
#.......#
.....
#.......#
####.
##.....######
#.
#...........##
###.


You could see 2 ogres and a hound skeleton.

Vanquished Creatures
  An orc wizard (D:3)
  A bullfrog skeleton (D:4)
  3 orc priests
  Ijyb (D:3)
  Natasha (thrice) (D:3)
  A worker ant (D:4)
  4 adders (D:3)
  A river rat (D:3)
  An ooze (D:1)
  3 worms
  A dart slug (D:2)
  4 leopard geckos
  15 orcs
  5 bats
  6 giant cockroaches
  10 goblins
  A hobgoblin (D:1)
  10 jackals (D:4)
  5 kobolds
  2 ball pythons (D:3)
  3 frilled lizards
  A jackal skeleton (D:4)
  9 rats
91 creatures vanquished.

Notes
Turn   | Place    | Note
-------+----------+-------------------------------------------
     0 | D:1      | Gorglomux the Hill Orc Fire Elementalist began the quest for the Orb.
     0 | D:1      | Reached XP level 1. HP: 14/14 MP: 3/3
    72 | D:1      | Reached skill level 1 in Unarmed Combat
   105 | D:1      | Reached XP level 2. HP: 20/20 MP: 0/4
   184 | D:1      | Reached skill level 2 in Unarmed Combat
   633 | D:1      | Reached XP level 3. HP: 17/26 MP: 0/5
  1251 | D:2      | Reached skill level 3 in Unarmed Combat
  1899 | D:3      | Noticed Natasha
  1904 | D:3      | Killed Natasha
  1904 | D:3      | Reached skill level 4 in Unarmed Combat
  1904 | D:3      | Reached XP level 4. HP: 19/33 MP: 1/6
  2160 | D:3      | Noticed an ice beast
  2607 | D:3      | Reached XP level 5. HP: 32/38 MP: 1/7
  2612 | D:3      | Noticed Ijyb
  2619 | D:3      | Reached skill level 5 in Unarmed Combat
  2643 | D:3      | Killed Ijyb
  2668 | D:3      | Noticed Natasha
  2678 | D:3      | Killed Natasha
  3172 | D:3      | Noticed Natasha
  3187 | D:3      | Killed Natasha
  3187 | D:3      | Reached skill level 6 in Unarmed Combat
  3235 | D:3      | Reached XP level 6. HP: 39/45 MP: 6/8
  4380 | D:4      | Reached skill level 7 in Unarmed Combat
  4597 | D:4      | Found a burning altar of Makhleb.
  4597 | D:4      | Found a shimmering altar of Xom.
  4631 | D:4      | Paralysed by a crimson imp for 2 turns
  5038 | D:4      | Mangled by an ogre

Vault maps used:
D:1:      dpeg_arrival_leaves_temple_mockup
D:2:      kennysheep_potato
D:3:      gup_sewer_entry_spiral, uniq_ijyb, uniq_natasha
D:4:      grunt_temple_overflow_champion_of_chaos, hangedman_decor_opposing

Skill      XL: |  1  2  3  4  5  6 |
---------------+-------------------+-----
Unarmed Combat | 1 2 4 6 7 |  7.5
Dodging        | |  1.5
Stealth        | |  1.5
Spellcasting   | |  1.5
Conjurations   | |  1.0
Fire Magic     | |  3.2

Action                   |  1- 3 |  4- 6 || total
-------------------------+-------+-------++-------
Melee: Unarmed           |    87 |   236 ||   323
       Punch             |     1 |     6 ||     7
 Cast: Flame Tongue      |    43 |    63 ||   106
  Use: Scroll            |     1 |       ||     1
       Potion            |       |     2 ||     2
  Eat: Chunk             |     4 |    13 ||    17
Armor: Robe              |    22 |       ||    22
       Ring mail         |    12 |   105 ||   117
Dodge: Dodged            |    84 |   134 ||   218
